 Dungeon Crawl Stone Soup version 0.28.0-45-g0d030f2227 (webtiles) character file.

Game seed: 3097609612409202487

18 nickcage the Cudgeller (level 2, 0/26 HPs)
             Began as a Minotaur Abyssal Knight on Apr 12, 2022.
             Was a Follower of Lugonu.
             Slain by a quokka (2 damage)
             ... on level 1 of the Dungeon.
             The game lasted 00:00:59 (324 turns).

nickcage the Cudgeller (Minotaur Abyssal Knight)     Turns: 324, Time: 00:00:59

Health: 0/26       AC:  3    Str: 17    XL:     2   Next: 51%
Magic:  2/2        EV: 11    Int:  7    God:    Lugonu [*.....]
Gold:   26         SH:  0    Dex: 10    Spells: 1/1 levels left

rFire   . . .      SeeInvis .   a - +1 mace
rCold   . . .      Faith    .   (no shield)
rNeg    . . .      Spirit   .   b - +0 leather armour
rPois   .          Reflect  .   (helmet restricted)
rElec   .          Harm     .   (no cloak)
rCorr   .          Rampage  .   (no gloves)
Will    .....                   (no boots)
Stlth   +.........              (no amulet)
HPRegen 0.08/turn               (no ring)
MPRegen 0.08/turn               (no ring)

@: no status effects
A: horns 2, retaliatory headbutt
a: Renounce Religion, Depart the Abyss


You were on level 1 of the Dungeon.
You worshipped Lugonu.
Lugonu was aware of your devotion.
You visited 1 branch of the dungeon, and saw 1 of its levels.
You visited the Abyss 1 time.

You collected 26 gold pieces.

Inventory:

Hand Weapons
 a - a +1 mace (weapon)
Missiles
 c - 4 atropa-tipped darts (quivered)
Armour
 b - a +0 leather armour (worn)
Scrolls
 e - a scroll of teleportation {unknown}
Potions
 d - a potion of flight {unknown}


   Skills:
 - Level 3.6 Fighting
 + Level 3.9 Maces & Flails
 - Level 2.4 Armour
 - Level 1.1 Dodging
 - Level 1.7 Invocations


You had one spell level left.
You didn't know any spells.
Your spell library was empty.

Dungeon Overview and Level Annotations

Branches:
Dungeon (1/15)

Altars:


Innate Abilities, Weirdness & Mutations

You have a pair of horns on your head.
You reflexively headbutt those who attack you in melee.


Message History

You sock the dart slug!
The dart slug is almost dead.
A quokka comes into view.
The dart slug bites you.
You hit the dart slug.
You kill the dart slug!
Lugonu accepts your kill.
A rat comes into view.
The kobold throws a stone.
The stone hits you.
An endoplasm comes into view.
The endoplasm quivers.
A dart slug comes into view.
The kobold hits you with a +1 dagger of venom.
You are poisoned.
You hit the kobold.
You kill the kobold!
Lugonu accepts your kill.
You feel very sick.
You are too injured to fight recklessly!
You are too injured to fight recklessly!
You are too injured to fight recklessly!
You feel sick.
You feel sick.
The quokka twitches its whiskers.
You hit the quokka.
The quokka is moderately wounded.
You feel sick. The quokka closely misses you. x2
You closely miss the quokka.
The quokka is moderately wounded.
You feel sick. The quokka bites you.
* * * LOW HITPOINT WARNING * * *
You closely miss the quokka.
The quokka is moderately wounded.
You feel sick.
The quokka bites you but does no damage. x2
You feel sick.
You feel sick.
You are no longer poisoned.
The quokka bites you.
You die...

......?.. #.......##
.........# .........##
......)...# ..........#
######## ........w.##
#......###
........#.r###...>.....
.w.....###.Jr@......###
..##................# .
..!....###........#
.###..## ###......# #..
..........####### #
.................. .#
.............#.......
....#..........###...
###............###...


You could see a dart slug, an endoplasm, a quokka and a rat.

Vanquished Creatures
  A dart slug (D:1)
  A ball python (D:1)
  2 bats (D:1)
  An endoplasm (D:1)
  A giant cockroach (D:1)
  2 hobgoblins (D:1)
  2 quokkas (D:1)
  4 kobolds (D:1)
  A rat (D:1)
15 creatures vanquished.

Vanquished Creatures (others)
  5 toadstools (D:1)
5 creatures vanquished.

Grand Total: 20 creatures vanquished

Notes
Turn   | Place    | Note
-------+----------+-------------------------------------------
     0 | Abyss:1  | nickcage the Minotaur Abyssal Knight began the quest for
                  | the Orb.
     0 | Abyss:1  | Reached XP level 1. HP: 19/19 MP: 1/1
     0 | D:1      | Escaped the Abyss
    97 | D:1      | Reached XP level 2. HP: 21/26 MP: 2/2
   102 | D:1      | Reached * piety under Lugonu
   324 | D:1      | Slain by a quokka

Illustrated notes

Levels and vault maps discovered:
D:1:      minmay_arrival_plants_in_alcoves, layout_rooms,
          minmay_gold_behind_fungi

Skill      XL: |  1 |
---------------+----+-----
Maces & Flails | 3 |  3.9
Fighting       | |  3.6
Armour         | |  2.4
Dodging        | |  1.1
Invocations    | |  1.7

Action                   || total
-------------------------++-------
Melee: Mace              ||    31
       Headbutt          ||     3
Invok: Depart the Abyss  ||     1
Armor: Leather armour    ||    14
Dodge: Dodged            ||    22
